 Dungeon Crawl Stone Soup version 0.29-a0-338-g1ff7896281 (webtiles) character file.

Game seed: 14067714870027306913

112 bande the Covered (level 4, -3/29 HPs)
             Began as a Gargoyle Fighter on Apr 17, 2022.
             Slain by an orc
             ... wielding a +0 morningstar
              (4 damage)
             ... on level 4 of the Dungeon.
             The game lasted 00:03:27 (2868 turns).

bande the Covered (Gargoyle Fighter)                Turns: 2868, Time: 00:03:28

Health: -3/29      AC: 10    Str: 19    XL:     4   Next: 93%
Magic:  4/4        EV:  9    Int:  9    God:
Gold:   184        SH:  0    Dex: 11    Spells: 3/3 levels left

rFire   . . .      SeeInvis .   a - +0 war axe
rCold   . . .      Faith    .   c - +0 buckler
rNeg    + . .      Spirit   .   b - +0 scale mail
rPois   ∞          Reflect  .   (no helmet)
rElec   +          Harm     .   (no cloak)
rCorr   .          Rampage  .   (no gloves)
Will    .....                   (no boots)
Stlth   ..........              (no amulet)
HPRegen 0.09/turn               i - ring of flight
MPRegen 0.09/turn               (no ring)

@: confused, flying
A: sickness immunity, AC +3, negative energy resistance 1, electricity
resistance, torment resistance 1, petrification resistance
a: no special abilities


You were on level 4 of the Dungeon.
You visited 1 branch of the dungeon, and saw 4 of its levels.

You collected 184 gold pieces.

Inventory:

Hand Weapons
 a - a +0 war axe (weapon)
Armour
 b - a +0 scale mail (worn)
 c - a +0 buckler (worn)
Jewellery
 i - a ring of flight (left hand)
 j - the ring "Urant" {*Slow rC+ Int+6 Dex+3}
   (You found it on level 2 of the Dungeon)

   [ring of protection from cold]

   Int:       It affects your intelligence (+6).
   Dex:       It affects your dexterity (+3).
   rC:        It protects you from cold.
   *Slow:     It may slow you when you take damage.
Wands
 m - a wand of charming (13)
Scrolls
 e - a scroll of fog
 f - 2 scrolls of torment {unknown}
 h - 2 scrolls of noise {unknown}
 k - 2 scrolls of identify
 n - a scroll of teleportation {unknown}
Potions
 d - a potion of might
 g - a potion of cancellation
 l - a potion of haste {unknown}


   Skills:
 + Level 4.0 Fighting
 + Level 3.1 Axes
 + Level 4.1 Armour
 + Level 3.7 Shields


You had 3 spell levels left.
You didn't know any spells.
Your spell library contained the following spells:

 Spells                   Type           Power      Damage    Failure   Level
 Stone Arrow              Conj/Erth      0%         3d7       99%         3
 Animate Armour           Summ/Erth      0%         N/A       100%        4
 Lehudib's Crystal Spear  Conj/Erth      0%         10d2      100%        8


Dungeon Overview and Level Annotations

Branches:
Dungeon (4/15)
 Temple: D:4-7

Altars:
Hepliaklqana
Yredelemnul

Annotations:
D:3 1 runed translucent door


Innate Abilities, Weirdness & Mutations

You are immune to sickness and miasma.
Your stone body is resilient. (AC +3)
You are immune to poison.
You resist negative energy. (rN+)
You are resistant to electric shocks. (rElec)
You are resistant to unholy torment.
You are immune to petrification.


Message History

You miss something. Something hits you but does no damage.
You bump into the rock wall.
Something hits you. The giant cockroach bites you.
Found 19 gold pieces.
You feel less confused.
The giant cockroach bites you but does no damage.
You hear some strange, mumbled words.
A puff of flame appears from out of thin air!
The puff of flame hits you. The giant cockroach barely misses you.
The orc wizard casts a spell.
The orc wizard flickers and vanishes!
You hear some strange, mumbled words.
You are confused.
The giant cockroach barely misses you.
Something hits you but does no damage. x2
The giant cockroach barely misses you.
You slash something! You barely miss something. You hit the giant cockroach.
Something hits you but does no damage. x2
The giant cockroach completely misses you.
Something hits you. The orc closely misses you.
Something hits you but does no damage.
You miss something. You hit the orc. You slash the giant cockroach!
You kill the giant cockroach!
You miss something. The orc hits you with a +0 morningstar.
Something hits you but does no damage.
An orc priest comes into view. It is wielding a +0 short sword.
You barely miss the orc.
The orc is heavily wounded.
The orc priest shouts!
You hit something. You closely miss something.
You hear some strange, mumbled words.
A puff of flame appears from out of thin air!
The puff of flame hits you!
* * * LOW HITPOINT WARNING * * *
Something hits you but does no damage.
The orc priest calls upon Beogh to heal the orc.
The orc's wounds heal themselves!
The orc hits you with a +0 morningstar.
* * * LOW HITPOINT WARNING * * *
The orc hits you with a +0 morningstar.
You die...

### # ..# .. # #.#
..# #. #.# ....
#.## #.# ....#
#...##o#####.....#
#....)...{.......$
#.#..#..{@†#######
#.#.....o......?.
#....#.###.######
#..........#
#.####.##..# #
#.....# #..<..#
#.....#..#
#........#


You could see an orc priest and an orc.

Vanquished Creatures
  An orc priest (D:3)
  Terence (D:2)
  2 dart slugs (D:2)
  5 orcs
  3 endoplasms (D:2)
  4 giant cockroaches
  4 goblins (D:2)
  3 hobgoblins
  6 jackals
  A kobold (D:1)
  A quokka (D:1)
  4 ball pythons
  3 bats
  4 frilled lizards
  A goblin zombie (D:3)
  7 rats
50 creatures vanquished.

Vanquished Creatures (others)
  A rat (D:2)
  3 fungi (D:3)
  3 plants (D:2)
  2 toadstools (D:3)
9 creatures vanquished.

Grand Total: 59 creatures vanquished

Notes
Turn   | Place    | Note
-------+----------+-------------------------------------------
     0 | D:1      | bande the Gargoyle Fighter began the quest for the Orb.
     0 | D:1      | Reached XP level 1. HP: 14/14 MP: 1/1
   294 | D:1      | Reached XP level 2. HP: 19/19 MP: 2/2
  1058 | D:2      | Noticed Terence
  1062 | D:2      | Killed Terence
  1063 | D:2      | Reached XP level 3. HP: 18/24 MP: 3/3
  1169 | D:2      | Found a faded altar of an unknown god.
  1690 | D:2      | Reached XP level 4. HP: 29/29 MP: 4/4
  1843 | D:2      | Identified the ring "Urant" {*Slow rC+ Int+6 Dex+3}
  1975 | D:3      | Noticed a human
  1976 | D:3      | Found a runed translucent door.
  1981 | D:3      | Found a basalt altar of Yredelemnul.
  2107 | D:3      | Found a hazy altar of Hepliaklqana.
  2868 | D:4      | HP: 1/29 [orc/+0 morningstar (5)]
  2868 | D:4      | Slain by an orc

Illustrated notes

Levels and vault maps discovered:
D:1:      psy_arrival_radial01, layout_loops_ring, minmay_pentomino_t2
D:2:      cheibrodos_old_hovel, layout_basic,
          hellmonk_ecumenical_altar_slurped_away, uniq_terence
D:3:      layout_basic, mainiacjoe_overflow_six_doors_small,
          dk_yredelemnul_ordeal, minmay_gold_behind_fungi
D:4:      layout_basic

Skill      XL: |  1  2  3  4 |
---------------+-------------+-----
Axes           | 2 3 |  3.1
Armour         | 4 |  4.1
Fighting       | 4 |  4.0
Shields        | |  3.7

Action                   |  1- 3 |  4- 6 || total
-------------------------+-------+-------++-------
Melee: War axe           |    86 |    75 ||   161
  Use: Scroll            |     3 |       ||     3
Armor: Scale mail        |    51 |    55 ||   106
Dodge: Dodged            |    47 |    42 ||    89
Block: Buckler           |    20 |    10 ||    30

Table legend: (Time is in decaauts)
 A = Elapsed time spent in this place.
 B = Non-inter-level travel time spent in this place.
 C = Inter-level travel time spent in this place.
 D = Time resting spent in this place.
 E = Time spent auto-exploring this place.
 F = Levels seen in this place.
 G = Mean time per level.
                   A        B        C        D        E       F      G
               +--------+--------+--------+--------+--------+-----+--------+
         Total |   2934 |   2828 |    106 |      0 |   2358 |   4 |  733.5 |
       Dungeon |   2934 |   2828 |    106 |      0 |   2358 |   4 |  733.5 |
               +--------+--------+--------+--------+--------+-----+--------+

Top non-repeatable levels by time:
     D:2: 1056 daAuts
     D:1: 960 daAuts
     D:3: 887 daAuts
     D:4: 30 daAuts
